 Dungeon Crawl Stone Soup version 0.26.1-2-gb8aa6d0cf2 (webtiles) character file.

Game seed: 8297407274709538173

441792 Amplified the Warrior (level 23, -2/249 HPs)
             Began as a Troll Brigand on Mar 14, 2021.
             Was the Champion of Ashenzari.
             Slain by Mennas
             ... wielding a +3 eudemon blade of holy wrath
              (10 damage)
             ... on level 4 of the Depths on Mar 15, 2021.
             The game lasted 01:52:44 (52481 turns).

Amplified the Warrior (Troll Brigand)              Turns: 52481, Time: 01:52:45

Health: -2/249     AC: 21    Str: 31    XL:     23   Next: 3%
Magic:  22/22      EV: 26    Int: 11    God:    Ashenzari [******]
Gold:   3742       SH:  0    Dex: 11    Spells: 18/22 levels left

rFire    . . .     SeeInvis +   z - +9 giant spiked club (protect) (curse)
rCold    + . .     Faith    .   (shield currently unavailable)
rNeg     + + .     Spirit   .   H - +4 steam dragon scales (curse)
rPois    .         Reflect  .   J - +2 hat {Int+3} (curse)
rElec    .         Harm     .   A - +2 cloak {rC+} (curse)
rCorr    .         Rampage  .   (gloves unavailable)
Will     +....     Clarity  +   (boots unavailable)
Stlth    +.........             M - amulet of regeneration (curse)
HPRegen  1.31/turn              T - ring "Jeikhor" {rN++ SInv}
MPRegen  0.18/turn              U - ring of the Hare {EV+8} (curse)

@: glowing, studying Throwing, silenced
A: large, unfitting armour, claws 3, regeneration 1, shaggy fur 1, tough skin 3
}: 2/15 runes: decaying, gossamer
a: Renounce Religion


You were on level 4 of the Depths.
You worshipped Ashenzari.
Ashenzari was exalted by your worship.
You visited 9 branches of the dungeon, and saw 46 of its levels.
You visited 2 bazaars.
You also visited: Trove, Ossuary, Bailey, Gauntlet and Ice Cave.

You collected 7597 gold pieces.
You spent 3855 gold pieces at shops.

Inventory:

Hand Weapons
 c - the +11 fustibalus "Usuli" {freeze, rF++ Will+ Int+2}
   (You found it on level 3 of the Crypt)

   It causes projectiles fired from it to freeze those they strike, causing
   extra injury to most foes and up to half again as much damage against
   particularly susceptible opponents.
   They can also slow down cold-blooded creatures.
   It affects your intelligence (+2).
   It greatly protects you from fire.
   It affects your willpower, your defense against some magical effects.
 z - a cursed +9 giant spiked club of protection (weapon)
 V - the +11 scimitar of a Billion Scars {venom, *Noise rN+++}
   (You found it on level 4 of the Swamp)

   It poisons the flesh of those it strikes.
   It renders you almost immune to negative energy.
   It may make noises in combat.
Missiles
 d - 221 poisoned darts
 e - a curare-tipped dart
 p - 83 large rocks
 B - 14 silver javelins (quivered)
 I - 11 atropa-tipped darts
Armour
 A - a cursed +2 cloak of cold resistance (worn)
 H - cursed +4 steam dragon scales (worn)
 J - a cursed +2 hat of intelligence (worn)
Jewellery
 a - an uncursed ring of poison resistance
 o - the ring "Mudaoq Qyr" {rF+ Str+2 Int+2}
   (You bought it in a shop in a bazaar)

   [ring of protection from fire]

   It affects your strength (+2).
   It affects your intelligence (+2).
   It protects you from fire.
 D - an uncursed ring of resist corrosion
 M - a cursed amulet of regeneration (around neck)
 N - the ring of Silom {rC+ rN+ MP+9}
   (You found it in a Gauntlet)

   [ring of positive energy]

   It protects you from cold.
   It protects you from negative energy.
   It affects your magic capacity (+9).
 T - the ring "Jeikhor" (left claw) {rN++ SInv}
   (You found it on level 3 of the Swamp)

   [ring of see invisible]

   It greatly protects you from negative energy.
   It lets you see invisible.
 U - the cursed ring of the Hare (right claw) {EV+8}
   (You found it on level 10 of the Dungeon)

   [ring of evasion]

   It affects your evasion (+8).
   It has a curse placed upon it.
Wands
 j - a wand of digging (5)
 k - a wand of paralysis (46)
 s - a wand of polymorph (72)
 t - a wand of flame (33)
 G - a wand of disintegration (52)
 L - a wand of iceblast (31)
Scrolls
 g - 3 scrolls of fear
 h - 15 scrolls of remove curse
 q - 7 scrolls of immolation
 v - 23 scrolls of teleportation
 w - 5 scrolls of fog
 y - 3 scrolls of holy word
 C - 3 scrolls of enchant armour
 E - 5 scrolls of amnesia
 R - 39 scrolls of identify
 S - 7 scrolls of magic mapping
 X - 2 scrolls of summoning
 Z - 3 scrolls of silence
Potions
 f - 8 potions of lignification
 i - 10 potions of brilliance
 l - 8 potions of flight
 n - 6 potions of cancellation
 r - 7 potions of curing
 u - 9 potions of ambrosia
 O - 7 potions of magic
 Q - 6 potions of mutation
 W - a potion of resistance
Books
 K - a manual of Throwing
Miscellaneous
 F - a condenser vane (inert)


   Skills:
 * Level 18.9 Fighting
 - Level 1.5 Short Blades
 - Level 0.1(1.0) Long Blades
 - Level 17.1(22.1) Maces & Flails
 * Level 18.5 Throwing
 - Level 14.2 Armour
 - Level 13.6(17.6) Dodging
 - Level 2.1(5.5) Stealth
 - Level 9.6(12.4) Fire Magic
 - Level 9.9(12.7) Air Magic


You had 18 spell levels left.
You knew the following spells:

 Your Spells              Type           Power        Failure   Level
a - Airstrike             Air            14%          1%          4

Your spell library contained the following spells:

 Spells                   Type           Power        Failure   Level
 Swiftness                Air            28%          1%          2
 Foxfire                  Conj/Fire      56%          2%          1
 Shock                    Conj/Air       56%          2%          1
 Corpse Rot               Necr/Air       N/A          3%          2
 Poisonous Vapours        Pois/Air       28%          3%          2
 Static Discharge         Conj/Air       14%          7%          3
 Conjure Flame            Conj/Fire      14%          8%          3
 Inner Flame              Hex/Fire       14%          8%          3
 Ignite Poison            Fire/Tmut/Pois 9%           17%         3
 Mephitic Cloud           Conj/Pois/Air  9%           17%         3
 Summon Lightning Spire   Summ/Air       14%          24%         4
 Sticky Flame             Conj/Fire      14%          26%         4
 Animate Skeleton         Necr           0%           30%         1
 Apportation              Tloc           0%           30%         1
 Corona                   Hex            0%           30%         1
 Freeze                   Ice            0%           30%         1
 Magic Dart               Conj           0%           30%         1
 Sting                    Tmut/Pois      0%           30%         1
 Summon Small Mammal      Summ           0%           30%         1
 Slow                     Hex            0%           41%         2
 Call Imp                 Summ           0%           43%         2
 Ensorcelled Hibernation  Hex/Ice        0%           43%         2
 Searing Ray              Conj           0%           43%         2
 Sublimation of Blood     Necr           0%           43%         2
 Lightning Bolt           Conj/Air       7%           54%         5
 Silence                  Hex/Air        7%           54%         5
 Fireball                 Conj/Fire      7%           56%         5
 Confusing Touch          Hex            0%           65%         3
 Tukima's Dance           Hex            0%           65%         3
 Call Canine Familiar     Summ           0%           67%         3
 Dazzling Flash           Conj/Hex       0%           67%         3
 Frozen Ramparts          Ice            0%           67%         3
 Gell's Gravitas          Tloc           0%           67%         3
 Lesser Beckoning         Tloc           0%           67%         3
 Ozocubu's Armour         Ice            0%           67%         3
 Portal Projectile        Hex/Tloc       0%           67%         3
 Summon Guardian Golem    Hex/Summ       0%           67%         3
 Bolt of Magma            Conj/Fire/Erth 4%           85%         5
 Cause Fear               Hex            0%           96%         4
 Dispel Undead            Necr           0%           97%         4
 Fulminant Prism          Conj/Hex       0%           97%         4
 Hailstorm                Conj/Ice       0%           97%         4
 Ice Form                 Ice/Tmut       0%           97%         4
 Iskenderun's Mystic Bla  Conj/Tloc      0%           97%         4
 Leda's Liquefaction      Hex/Erth       0%           97%         4
 Olgreb's Toxic Radiance  Pois           0%           97%         4
 Petrify                  Tmut/Erth      0%           97%         4
 Summon Ice Beast         Ice/Summ       0%           97%         4
 Conjure Ball Lightning   Conj/Air       7%           98%         6
 Starburst                Conj/Fire      7%           98%         6
 Agony                    Necr           0%           100%        5
 Alistair's Intoxication  Tmut/Pois      0%           100%        5
 Excruciating Wounds      Necr           0%           100%        5
 Iskenderun's Battlesphe  Conj           0%           100%        5
 Metabolic Englaciation   Hex/Ice        0%           100%        5
 Yara's Violent Unravell  Hex/Tmut       0%           100%        5
 Dispersal                Tloc           0%           100%        6
 Freezing Cloud           Conj/Ice/Air   4%           100%        6
 Invisibility             Hex            0%           100%        6
 Iron Shot                Conj/Erth      0%           100%        6
 Ozocubu's Refrigeration  Ice            0%           100%        6
 Simulacrum               Ice/Necr       0%           100%        6
 Spellforged Servitor     Conj/Summ      0%           100%        7
 Disjunction              Tloc           0%           100%        8
 Ignition                 Fire           13%          100%        8
 Fire Storm               Conj/Fire      7%           100%        9
 Shatter                  Erth           0%           100%        9
 Tornado                  Air            14%          100%        9


Dungeon Overview and Level Annotations

Branches:
Dungeon (15/15)            Temple (0/1) D:7            Lair (6/6) D:9
  Swamp (4/4) Lair:2       Spider (4/4) Lair:4        Slime (0/5) Lair:6
    Orc (2/2) D:11            Elf (3/3) Orc:2        Vaults (4/5) D:13
  Crypt (3/3) Vaults:2       Tomb (0/3) Crypt:3      Depths (5/5) D:15
Ossuary (visited)          Bailey (visited)           IceCv (visited)
Gauntlet (visited)
    Zot: Depths:5

Altars:
Ashenzari
Cheibriados
Dithmenos
Elyvilon
Fedhas
Gozag
Hepliaklqana
Kikubaaqudgha
Nemelex Xobeh
Okawaru
Ru
Sif Muna
Uskayaw
Yredelemnul
The Shining One
Beogh
Jiyva

Shops:
D:10 :   D:11 (**((   Orc:1 (   Orc:2 }![*   Vaults:1 :   Depths:4 =

Portals:
Hell: Depths:1 Depths:4
Abyss: Depths:4
Pandemonium: Depths:4
Ziggurat: Depths:4

Annotations:
D:15 Get fearscroll
Lair:3 exclusion: oklob plant
Swamp:3 1 transporter
Spider:4 2 transporters, Taocaav's ghost, adept CeHu
Orc:1 Veudig's ghost, journeyman HOFi
Elf:2 3 runed translucent doors
Vaults:1 Start getting simple spells.
Vaults:3 3 runed translucent doors, RawMediocrity's ghost, adept DsGl
Vaults:4 1 runed translucent door, ragingrage's ghost, veteran HOFi
Crypt:2 Boris; Saint Roka; Sojobo
Depths:4 17 runed doors, Mennas


Innate Abilities, Weirdness & Mutations

You are too large for most types of armour.
You have claws for hands.
Your natural rate of healing is unusually fast.
You are covered in fur. (AC +1)
You have extremely tough skin. (AC +3)


Message History

* * * LOW HITPOINT WARNING * * *
Mennas hits you with a +3 eudemon blade of holy wrath.
* * * LOW HITPOINT WARNING * * *
Unknown command.
Okay, then.
Okay, then.
Okay, then.
Okay, then.
Unknown command.
Unknown command.
Throw: 15 javelins (silver)
Press: ? - help, Q - select action, (/) - cycle Shift-Dir - straight line, f/p - Mennas
Aim: Mennas, wielding a +3 eudemon blade of holy wrath and wearing a +0 tower shield (silenced, moderately wounded, radiating silence, haloed, 47% to hit)
You throw a silver javelin.
The silver javelin pierces through Mennas!!
Mennas is severely wounded.
The silver javelin pierces through the spriggan berserker!!
The spriggan berserker is moderately wounded.
Mennas hits you with a +3 eudemon blade of holy wrath!
You die...

,* * ,8,,,8, *
*##,,, , * , ** {
{, ,** #.# ,,, ,
* ,^,###* ** *
#.#***** * , C..{
*#.# ≈§≈.§≈...*
##.#*
..≈≈..{.{####(##
..≈.(.#{.{.#{#i##
.≈c{V.# #{{###A##
§§....#####{#
##@#
§D.....##.{{#
##.#
§§§C.?...(.{#
*#.#
,#.....{(...#
*#.# #..{{{(....#
*#.# ##....∩...##
## ####.......#
.###.......#
...........#


You could see Mennas (silencing) and a spriggan berserker (berserk,
regenerating, strong-willed).

Vanquished Creatures
  2 juggernauts (Depths:5)
  Frederick (Depths:4)
  Jory (Crypt:1)
  Nikola (Swamp:1)
  A bone dragon (Crypt:3)
  A profane servitor (Crypt:3)
  Arachne (Spider:2)
  A tentacled monstrosity (Vaults:1)
  2 liches
  The ghost of Suryr the Thaumaturge, an adept GnWz of Sif Muna (Swamp:4)
  2 sphinxes
  3 storm dragons
  Kirke (Lair:6)
  2 thorn hunters
  Frances (Swamp:1)
  5 ancient champions
  Donald (Swamp:1)
  2 revenants
  A fenstrider witch (Swamp:1)
  The ghost of Qescho Poith the Warrior, a journeyman MiFi of Trog (Depths:1)
  2 shadow dragons
  10 vault wardens
  5 ghost moths
  2 frost giants
  5 fire giants
  The ghost of sipior the Slicer, an adept SpEn of Wu Jian (Swamp:3)
  6 emperor scorpions
  2 curse skulls
  A balrug (Depths:1)
  4 ghouls
  2 orc warlords
  10 very ugly things
  14 stone giants
  10 ironheart preservers
  3 vampire knights (Crypt:3)
  A deep elf demonologist (Elf:1)
  A war gargoyle (Vaults:2)
  2 minotaurs
  3 bunyips
  A spark wasp (Spider:4)
  An eidolon (Crypt:1)
  2 deep elf annihilators (Vaults:4)
  A yellow draconian (Depths:5)
  2 dire elephants
  3 deep elf death magi
  5 ettins
  A shambling mangrove (Swamp:3)
  9 eleionomae
  15 jiangshi
  14 yaktaur captains
  9 fire dragons
  2 great orbs of eyes
  4 vault guards
  2 deep elf high priests (Elf:1)
  23 hydras
  8 ice dragons
  Harold (D:8)
  4 rakshasas
  A spectral shadow dragon (Crypt:3)
  A spriggan air mage (Depths:4)
  2 boulder beetles
  2 catoblepae
  5 death knights
  7 centaur warriors
  7 death scarabs (Spider:4)
  7 ogre magi
  10 alligators
  23 two-headed ogres
  12 dancing weapons
  5 deep troll shamans
  4 vampire magi (Crypt:1)
  3 tengu warriors
  4 death yaks (Lair:6)
  5 deep troll earth magi
  4 orc high priests
  2 sun demons (Depths:1)
  8 hell knights
  11 deep elf knights
  2 shadow wraiths (Crypt:3)
  52 skeletal warriors
  A titan skeleton (Crypt:1)
  A ghost moth zombie (Crypt:1)
  2 unseen horrors
  3 goliath frogs
  14 deep trolls
  2 spriggan druids
  7 wizards
  A quicksilver dragon simulacrum (Crypt:2)
  3 swamp dragons
  7 bog bodies
  10 deep elf archers
  12 ironbrand convokers
  A lindwurm (Lair:6)
  3 flayed ghosts
  29 orc knights
  An anaconda skeleton (Crypt:2)
  3 phantasmal warriors
  13 harpies
  17 orb spiders
  10 necromancers
  3 wolf spider zombies (Spider:4)
  5 will-o-the-wisps
  5 cyclopes
  A faun (shapeshifter) (Depths:3)
  8 orc sorcerers
  25 wolf spiders
  27 ugly things
  2 salamanders (shapeshifter)
  A shadow dragon skeleton (Crypt:1)
  29 deep elf magi
  A manticore (D:15)
  6 moths of wrath
  3 salamanders
  An iron dragon skeleton (Crypt:1)
  A frost giant skeleton (Crypt:3)
  19 elephants
  2 fire giant skeletons
  Psyche (D:12)
  2 torpor snails (Spider:2)
  7 vault sentinels
  A shock serpent zombie (Crypt:1)
  4 black mambas
  2 stone giant skeletons
  A titan simulacrum (Crypt:3)
  2 ice statues (IceCv)
  2 gargoyles
  26 demonic crawlers
  8 cane toads
  2 rime drakes
  Maggie (D:7)
  A white draconian zombie (Crypt:1)
  A redback zombie (Spider:4)
  16 freezing wraiths
  37 yaktaurs
  A golden dragon simulacrum (Depths:2)
  An entropy weaver simulacrum (Vaults:2)
  2 ice devils (D:15)
  A merfolk (D:15)
  10 komodo dragons
  A troll (shapeshifter) (Vaults:1)
  11 tyrant leeches
  A tengu conjurer (Depths:1)
  A tengu simulacrum (Vaults:2)
  6 meliai
  13 polar bears
  9 trolls
  25 jumping spiders
  Grinder (D:3)
  A polar bear (shapeshifter) (Vaults:1)
  2 spectral tarantellas (Spider:4)
  2 tarantella zombies (Spider:4)
  16 blink frogs
  A raiju (shapeshifter) (Elf:1)
  9 slime creatures
  8 spectral jumping spiders (Spider:4)
  20 hornets
  An ice dragon zombie (Crypt:2)
  6 dream sheep (Lair:5)
  66 flying skulls
  A fire giant simulacrum (Vaults:2)
  A meliai zombie (D:14)
  48 tarantellas
  A spriggan (shapeshifter) (Vaults:1)
  5 wraiths
  4 water elementals
  4 wyverns
  62 redbacks
  4 air elementals
  6 shadows
  29 yaks
  16 spriggans
  An ettin skeleton (Crypt:1)
  A fire elemental (Elf:1)
  A tarantella (shapeshifter) (Vaults:2)
  3 hogs (Lair:6)
  A hog (shapeshifter) (Vaults:4)
  A human (shapeshifter) (Vaults:1)
  4 basilisks
  8 vampire mosquitoes
  Menkaure (D:7)
  9 wargs
  3 swamp worm simulacra (Swamp:4)
  4 acid dragons
  4 small abominations (Crypt:3)
  Edmund (D:7)
  9 swamp worms
  A water moccasin (shapeshifter) (Vaults:2)
  13 hydra simulacra (Swamp:4)
  22 water moccasins
  Duvessa (D:6)
  55 orc warriors
  3 spectral hornets (Spider:4)
  3 ice beasts
  4 black bears
  A cane toad skeleton (Crypt:1)
  An ettin simulacrum (Depths:2)
  An eye of draining (D:9)
  6 necrophages
  3 boggarts (Vaults:3)
  5 sky beasts
  29 ogres
  2 phantoms
  9 centaurs
  37 wolves
  A torpor snail zombie (Crypt:1)
  26 bullfrogs
  2 big kobolds
  A gnoll sergeant (D:6)
  A water moccasin zombie (D:6)
  An earth elemental (Elf:2)
  A wyvern skeleton (D:11)
  Dowan (D:6)
  A cyclops skeleton (Crypt:1)
  8 scorpions
  6 killer bees (D:11)
  A snapping turtle simulacrum (Crypt:3)
  4 wights (D:8)
  4 howler monkeys
  2 vampire bats
  An electric eel (Lair:1)
  6 centaur zombies
  A bullfrog zombie (D:9)
  A human zombie (Ossuary)
  6 jellies
  2 centaur skeletons
  39 orc priests
  6 hounds
  4 bullfrog skeletons
  Ijyb (D:3)
  A black bear skeleton (Crypt:2)
  5 hell rats (Lair:6)
  6 iguanas
  30 orc wizards
  6 worker ants
  4 polar bear simulacra (Lair:5)
  A killer bee zombie (Crypt:1)
  4 wolf simulacra (Lair:5)
  A big kobold zombie (Ossuary)
  A human simulacrum (Crypt:1)
  An ogre skeleton (Crypt:1)
  An acid dragon skeleton (Crypt:2)
  4 mummies
  A hound skeleton (D:7)
  Robin (D:3)
  A howler monkey skeleton (D:5)
  A scorpion zombie (Ossuary)
  19 adders
  8 gnolls
  2 shadow imps
  3 white imps
  An ufetubus (D:7)
  5 swamp drake simulacra (Swamp:4)
  2 adder skeletons
  2 worms
  A barachi skeleton (Crypt:1)
  A dart slug (D:1)
  5 leopard geckos
  136 orcs
  21 bats
  3 bat skeletons (D:3)
  3 bat zombies (D:3)
  9 giant cockroaches
  14 goblins
  9 hobgoblins
  9 jackals
  3 quokkas
  2 frilled lizards
  7 gnoll zombies
  2 goblin zombies (Ossuary)
  5 hobgoblin zombies
  A jackal zombie (Crypt:1)
  18 kobolds
  2 kobold zombies (Ossuary)
  A leopard gecko zombie (D:5)
  An orc zombie (Ossuary)
  A quokka skeleton (D:6)
  A quokka zombie (D:6)
  6 rats
  3 river rat simulacra (Lair:5)
1937 creatures vanquished.

Vanquished Creatures (collateral kills)
  A death scarab (Spider:4)
  2 elephants (Lair:3)
  A redback zombie (Spider:4)
  A demonic crawler (Spider:4)
  A spectral tarantella (Spider:4)
  A spectral hornet (Spider:4)
  A hornet zombie (Spider:4)
8 creatures vanquished.

Vanquished Creatures (others)
  A goliath frog (Swamp:4)
  A deep elf archer (Elf:1)
  An orb spider (Spider:2)
  A deep elf mage (Elf:1)
  A tyrant leech (Swamp:4)
  A hornet (Swamp:1)
  A slime creature (D:13)
  An air elemental (Elf:1)
  A tarantella (Spider:3)
  2 water elementals (Elf:1)
  A swamp worm (Swamp:4)
  2 orc warriors
  An orc priest (Elf:1)
  3 orc wizards
  6 orcs (Elf:1)
  2 briar patches (Swamp:1)
  10 foxfires
  93 fungi
  103 plants
  4 toadstools (Depths:1)
  A withered plant (Vaults:4)
237 creatures vanquished.

Grand Total: 2182 creatures vanquished

Notes
Turn   | Place    | Note
-------+----------+-------------------------------------------
     0 | D:1      | Amplified the Troll Brigand began the quest for the Orb.
     0 | D:1      | Reached XP level 1. HP: 19/19 MP: 0/0
   138 | D:1      | Reached skill level 1 in Dodging
   381 | D:1      | Reached XP level 2. HP: 28/28 MP: 1/1
   609 | D:1      | Reached skill level 1 in Armour
   731 | D:2      | Reached XP level 3. HP: 35/35 MP: 2/2
  1119 | D:2      | Reached skill level 1 in Maces & Flails
  1119 | D:2      | Reached XP level 4. HP: 42/42 MP: 3/3
  1519 | D:3      | Noticed Ijyb
  1521 | D:3      | Killed Ijyb
  1533 | D:3      | Found a broken altar of Ashenzari.
  1557 | D:3      | Became a worshipper of Ashenzari the Shackled
  1573 | D:3      | Noticed Robin
  1744 | D:3      | Reached XP level 5. HP: 49/50 MP: 4/4
  1759 | D:3      | Found an opulent altar of Gozag.
  1779 | D:3      | Noticed Grinder
  1788 | D:3      | Killed Grinder
  1789 | D:3      | Reached XP level 6. HP: 59/59 MP: 5/5
  1881 | D:3      | Killed Robin
  2232 | D:3      | Found a hazy altar of Hepliaklqana.
  2403 | D:3      | Found an ancient bone altar of Kikubaaqudgha.
  2488 | D:4      | Reached XP level 7. HP: 60/67 MP: 6/6
  2591 | D:4      | Found a sacrificial altar of Ru.
  2592 | D:4      | Found a snail-covered altar of Cheibriados.
  2592 | D:4      | Found an iron altar of Okawaru.
  2833 | D:4      | Found a basalt altar of Yredelemnul.
  3183 | D:4      | Found a shadowy altar of Dithmenos.
  3275 | D:4      | Found a white marble altar of Elyvilon.
  3275 | D:4      | Found a hide-covered altar of Uskayaw.
  3308 | D:5      | Entered Level 5 of the Dungeon
  3477 | D:5      | Reached XP level 8. HP: 78/78 MP: 7/7
  4161 | D:6      | Reached * piety under Ashenzari
  4444 | D:7      | Found a glowing golden altar of the Shining One.
  4462 | D:7      | Noticed Maggie
  4489 | D:7      | Killed Maggie
  4896 | D:7      | Found a staircase to the Ecumenical Temple.
  5013 | D:7      | Reached skill level 5 in Throwing
  5013 | D:7      | Reached XP level 9. HP: 85/85 MP: 8/8
  5110 | D:7      | Identified the +2 falchion "Tebruytz" {freeze, rC+ rN+++
                  | Int-4 Stlth+}
  5817 | D:6      | Noticed Menkaure
  5817 | D:6      | Noticed Edmund
  5824 | D:7      | Killed Menkaure
  5831 | D:7      | Killed Edmund
  5925 | D:6      | Reached skill level 5 in Fighting
  5977 | D:6      | Reached skill level 5 in Maces & Flails
  6207 | D:6      | Reached ** piety under Ashenzari
  6226 | D:6      | Noticed an orc knight
  6238 | D:6      | Killed an orc knight
  6239 | D:6      | Reached skill level 5 in Armour
  6239 | D:6      | Reached skill level 5 in Dodging
  6336 | D:6      | Noticed Dowan
  6338 | D:6      | Noticed Duvessa
  6346 | D:6      | Killed Duvessa
  6357 | D:6      | Killed Dowan
  6663 | D:6      | Reached XP level 10. HP: 96/96 MP: 9/9
  6838 | D:8      | Noticed Harold
  6851 | D:8      | Killed Harold
  6865 | D:8      | Found a sand-covered staircase.
  6948 | Ossuary  | Entered an ossuary
  7534 | D:8      | Found a blossoming altar of Fedhas.
  8125 | D:10     | Entered Level 10 of the Dungeon
  8193 | D:10     | Found the ring of the Hare {EV+8}
  8208 | D:10     | Found a flagged portal.
  8216 | D:10     | Noticed a two-headed ogre
  8230 | D:10     | Killed a two-headed ogre
  8285 | Bailey   | Entered a bailey
  8427 | Bailey   | Reached skill level 10 in Maces & Flails
  8427 | Bailey   | Reached XP level 11. HP: 107/107 MP: 10/10
  8431 | Bailey   | Noticed an orc knight
  8431 | Bailey   | Noticed an orc knight
  8438 | Bailey   | Noticed an orc knight
  8451 | Bailey   | Killed an orc knight
  8452 | Bailey   | Reached XP level 12. HP: 115/115 MP: 11/11
  8612 | Bailey   | Reached *** piety under Ashenzari
  8724 | D:10     | Found a portal to a secret trove of treasure.
  8744 | D:10     | Noticed a two-headed ogre
  8754 | D:10     | Killed a two-headed ogre
  8895 | D:10     | Found Arimoike's Book Shop.
  9309 | D:9      | Found a shimmering blue altar of Sif Muna.
  9525 | D:9      | Identified the +9 flail "Vumiep" {venom, Dex+4}
  9617 | D:9      | Found a staircase to the Lair.
  9875 | D:11     | Found Elyojoba's General Store.
  9881 | D:11     | Bought a scroll of identify for 24 gold pieces
  9881 | D:11     | Bought a scroll of holy word for 90 gold pieces
  9938 | D:11     | Found Daxepeq's Antique Weapon Shoppe.
  9949 | D:11     | Identified the cursed +1 spear "Ogrebane" {vorpal, *Slow
                  | Str+3 Int+5}
 10065 | D:11     | Noticed an eight-headed hydra
 10073 | D:11     | Killed an eight-headed hydra
 10139 | D:11     | Reached **** piety under Ashenzari
 10234 | D:11     | Found Toss's General Store.
 10240 | D:11     | Found a staircase to the Orcish Mines.
 10291 | D:11     | Found Giequh's Weapon Shop.
 10315 | D:11     | Bought a scroll of teleportation for 51 gold pieces
 10315 | D:11     | Bought a scroll of teleportation for 51 gold pieces
 10337 | D:11     | Found Kerav's Antique Weapon Shoppe.
 10557 | D:11     | Noticed a six-headed hydra
 10578 | D:11     | Killed a six-headed hydra
 10739 | D:12     | Noticed Psyche
 10744 | D:12     | Killed Psyche
 10812 | D:12     | Found a gate leading to a gauntlet.
 10866 | Gauntlet | Entered a Gauntlet
 10866 | Gauntlet | Found a transporter.
 10869 | Gauntlet | Found a transporter.
 10872 | Gauntlet | Found a transporter.
 10873 | Gauntlet | Found a transporter.
 10876 | Gauntlet | Found a transporter.
 10877 | Gauntlet | Found a transporter.
 10883 | Gauntlet | Noticed an entropy weaver
 10885 | Gauntlet | Found a transporter.
 10886 | Gauntlet | Identified the amulet "Icly" {Regen+ Str+2 Dex+2}
 10888 | Gauntlet | Identified the ring of Silom {rC+ rN+ MP+9}
 10888 | Gauntlet | Found a transporter.
 10905 | Gauntlet | Found a transporter.
 10908 | Gauntlet | Identified the +5 spear "Coablaon" {pain, rN++ Will++
                  | Dex-2}
 10917 | Gauntlet | Noticed a seven-headed hydra
 10922 | Gauntlet | Found a transporter.
 10926 | Gauntlet | Found a transporter.
 10928 | Gauntlet | Found a runed translucent door.
 10930 | Gauntlet | Found a runed translucent door.
 10934 | Gauntlet | Found a transporter.
 11162 | Gauntlet | Reached XP level 13. HP: 127/127 MP: 12/12
 11245 | Gauntlet | Noticed a minotaur
 11259 | Gauntlet | Killed a minotaur
 11268 | Gauntlet | Identified Bycoboek's Catalogue of Quantum Bewitchment
 11387 | D:12     | Identified the +3 hand axe of Extremism {holy, Str+4 Int-4
                  | Dex+2}
 11405 | D:12     | Reached ***** piety under Ashenzari
 11797 | Lair:1   | Entered Level 1 of the Lair of Beasts
 12520 | Lair:2   | Found a staircase to the Swamp.
 13715 | Lair:3   | Noticed a dire elephant
 13728 | Lair:3   | Killed a dire elephant
 14698 | Lair:4   | Reached XP level 14. HP: 133/140 MP: 13/13
 14715 | Lair:4   | Found a hole to the Spider Nest.
 15065 | Lair:4   | Identified the +2 leather armour of Elycraon {Rampage rElec
                  | rPois Will-}
 15243 | Lair:5   | Reached ****** piety under Ashenzari
 15937 | Lair:5   | Reached skill level 10 in Throwing
 16025 | Lair:5   | Found a shimmering blue altar of Sif Muna.
 16313 | Lair:6   | Entered Level 6 of the Lair of Beasts
 16897 | Lair:6   | Noticed Kirke
 16916 | Lair:6   | Killed Kirke
 16958 | Lair:6   | Found a viscous altar of Jiyva.
 16958 | Lair:6   | Found a staircase to the Slime Pits.
 17869 | Orc:1    | Entered Level 1 of the Orcish Mines
 17973 | Orc:1    | Found a transporter.
 18016 | Orc:1    | Identified the +2 troll leather armour "Ciaden" {rPois
                  | Regen+}
 18017 | Orc:1    | Found Ziajerhe's Antique Weapon Shoppe.
 18058 | Orc:1    | Noticed Veudig's ghost (journeyman HOFi)
 18065 | Orc:1    | Found a transporter.
 18504 | Orc:2    | Entered Level 2 of the Orcish Mines
 18504 | Orc:2    | Noticed an orc warlord
 18817 | Orc:2    | Reached XP level 15. HP: 124/149 MP: 14/14
 18847 | Orc:2    | Found a staircase to the Elven Halls.
 18917 | Orc:2    | Reached skill level 10 in Fighting
 19000 | Orc:2    | Killed an orc warlord
 19174 | Orc:2    | Reached skill level 10 in Dodging
 19663 | Orc:2    | Reached skill level 10 in Armour
 19717 | Orc:2    | Found Fujiut's General Store.
 19717 | Orc:2    | Found Qiveol's Armour Emporium.
 19735 | Orc:2    | Found Biunimide's Gadget Emporium.
 19735 | Orc:2    | Found Ohulan's Distillery.
 19745 | Orc:2    | Bought a wand of digging (7) for 396 gold pieces
 19746 | Orc:2    | Bought a potion of heal wounds for 80 gold pieces
 19746 | Orc:2    | Bought a potion of heal wounds for 80 gold pieces
 19746 | Orc:2    | Bought a potion of resistance for 160 gold pieces
 19746 | Orc:2    | Bought a potion of heal wounds for 80 gold pieces
 19748 | Orc:2    | Bought a scroll of fear for 49 gold pieces
 19748 | Orc:2    | Bought a scroll of silence for 105 gold pieces
 20190 | D:13     | Found a gate to the Vaults.
 22079 | D:15     | Entered Level 15 of the Dungeon
 22165 | D:15     | Found a frozen archway.
 22235 | IceCv    | Entered an ice cave
 22688 | IceCv    | Noticed a frost giant
 22709 | IceCv    | Killed a frost giant
 23200 | D:15     | Found a staircase to the Depths.
 23267 | D:15     | Reached XP level 16. HP: 139/161 MP: 15/15
 23737 | Spider:1 | Entered Level 1 of the Spider Nest
 25680 | Spider:2 | Noticed Arachne
 25707 | Spider:2 | Killed Arachne
 27030 | Swamp:1  | Entered Level 1 of the Swamp
 27324 | Swamp:1  | Noticed Donald
 27340 | Swamp:1  | Killed Donald
 27444 | Swamp:1  | Noticed a thorn hunter
 27472 | Swamp:1  | Noticed Nikola
 27620 | Swamp:2  | Noticed a thorn hunter
 27643 | Swamp:2  | Killed a thorn hunter
 27752 | Swamp:1  | Killed a thorn hunter
 27874 | D:10     | You paid a toll of 5 scrolls of fear to enter a treasure
                  | trove
 27875 | Trove    | Entered a treasure trove
 27946 | Trove    | Identified Sif Muna's Papyrus of Lightness and Clay
 27950 | Trove    | Identified Sif Muna's Compendium of the Snowflakes and
                  | Confrontation
 28333 | Spider:2 | Reached skill level 1 in Fire Magic
 28347 | Spider:2 | Reached skill level 1 in Air Magic
 28347 | Spider:2 | Reached XP level 17. HP: 94/172 MP: 16/16
 28638 | Spider:3 | Identified the +0 scale mail of Resourcefulness {+Fly SInv
                  | Stlth-}
 29198 | Spider:4 | Entered Level 4 of the Spider Nest
 29202 | Spider:4 | Found the ring of Shadows {Umbra +Inv Stlth+}
 29575 | Spider:4 | Noticed Taocaav's ghost (adept CeHu)
 29580 | Spider:4 | Found a transporter.
 29583 | Spider:4 | Found a transporter.
 30049 | Spider:4 | Reached skill level 5 in Fire Magic
 30461 | Spider:4 | Reached skill level 15 in Maces & Flails
 30461 | Spider:4 | Reached skill level 5 in Air Magic
 30595 | Spider:4 | Got a gossamer rune of Zot
 30950 | Swamp:1  | Killed Nikola
 31361 | Swamp:2  | Noticed Frances
 31550 | Elf:1    | Entered Level 1 of the Elven Halls
 31621 | Elf:1    | Reached XP level 18. HP: 141/188 MP: 17/17
 32237 | Elf:2    | Found a runed translucent gate.
 32237 | Elf:2    | Found a runed translucent gate.
 32237 | Elf:2    | Found a runed translucent gate.
 32648 | Elf:3    | Entered Level 3 of the Elven Halls
 32668 | Elf:3    | Found a flickering gateway to a bazaar.
 32897 | Bazaar   | Entered a bazaar
 32897 | Bazaar   | Found Vimot's Antique Armour Shoppe.
 32897 | Bazaar   | Found Ciunebbiwk's Assorted Antiques.
 32899 | Bazaar   | Found Ixtyo's Magic Scroll Shoppe.
 32899 | Bazaar   | Found Jiptoem's Weapon Boutique.
 32919 | Bazaar   | Bought a transparent cloak for 228 gold pieces
 32919 | Bazaar   | Identified the -5 cloak of the Big Bang {Will+ Dex+3 SInv}
                  | (You bought it in a shop in a bazaar)
 32953 | Bazaar   | Bought a potion of curing for 60 gold pieces
 32953 | Bazaar   | Bought a flickering jade ring for 100 gold pieces
 32953 | Bazaar   | Identified the cursed ring of Beobrim {rElec rN+ Dex+2
                  | Slay-4} (You bought it in a shop in a bazaar)
 32953 | Bazaar   | Bought a wand of iceblast (7) for 80 gold pieces
 32953 | Bazaar   | Bought a potion of might for 80 gold pieces
 32953 | Bazaar   | Bought a wand of paralysis (14) for 40 gold pieces
 32953 | Bazaar   | Bought a potion of berserk rage for 100 gold pieces
 33538 | Elf:1    | Found a roughly hewn altar of Beogh.
 34375 | Elf:1    | Found a runed translucent gate.
 34375 | Elf:1    | Found a runed translucent gate.
 34375 | Elf:1    | Found a runed translucent gate.
 34375 | Elf:1    | Found a runed translucent gate.
 34375 | Elf:1    | Found a runed translucent gate.
 34376 | Elf:1    | Found a runed translucent gate.
 34602 | Orc:1    | Paralysed by an orc sorcerer for 7 turns
 34752 | Vaults:1 | Entered Level 1 of the Vaults
 35212 | Vaults:1 | Found Memiggaz's Book Shop.
 35217 | Vaults:1 | Bought a manual of Throwing for 1104 gold pieces
 35230 | Vaults:1 | Noticed a tentacled monstrosity
 35235 | Vaults:1 | Killed a tentacled monstrosity
 35236 | Vaults:1 | Reached skill level 15 in Fighting
 35239 | Vaults:1 | Identified the Tome of Flames
 35247 | Vaults:1 | Noticed a lich
 35250 | Vaults:1 | Killed a lich
 35257 | Vaults:1 | Identified the Compendium of Contamination and Snow
 35412 | Vaults:1 | Reached XP level 19. HP: 199/200 MP: 18/18
 36144 | Vaults:1 | Learned a level 4 spell: Airstrike
 38567 | Vaults:2 | Found a staircase to the Crypt.
 38737 | Vaults:2 | Reached XP level 20. HP: 194/213 MP: 19/19
 40285 | Vaults:3 | Found a runed translucent gate.
 40285 | Vaults:3 | Found a runed translucent gate.
 40285 | Vaults:3 | Found a runed translucent gate.
 40287 | Vaults:3 | Noticed RawMediocrity's ghost (adept DsGl)
 40630 | Vaults:3 | Identified the cursed +0 ring mail "Dadwer" {rN+ Dex+2}
 40634 | Vaults:3 | Found an iron altar of Okawaru.
 40758 | Vaults:4 | Identified the +8 flail of Power {freeze, Str+4}
 40848 | Vaults:4 | Found a flickering gateway to a bazaar.
 40863 | Bazaar   | Entered a bazaar
 40869 | Bazaar   | Found Hoczu's Magic Scroll Emporium.
 40869 | Bazaar   | Found Zimots's Jewellery Shoppe.
 40879 | Bazaar   | Bought the ring "Mudaoq Qyr" {rF+ Str+2 Int+2} for 404 gold
                  | pieces
 40881 | Bazaar   | Bought a scroll of teleportation for 33 gold pieces
 40881 | Bazaar   | Bought a scroll of teleportation for 33 gold pieces
 40881 | Bazaar   | Bought a scroll of teleportation for 33 gold pieces
 40881 | Bazaar   | Bought a scroll of teleportation for 33 gold pieces
 40881 | Bazaar   | Bought a scroll of enchant armour for 82 gold pieces
 40881 | Bazaar   | Bought a scroll of magic mapping for 38 gold pieces
 40881 | Bazaar   | Bought a scroll of summoning for 104 gold pieces
 40881 | Bazaar   | Bought a scroll of holy word for 82 gold pieces
 40885 | Bazaar   | Bought a scroll of identify for 22 gold pieces
 40885 | Bazaar   | Bought a scroll of remove curse for 33 gold pieces
 41538 | Vaults:4 | Reached skill level 15 in Throwing
 41787 | Vaults:4 | Found a runed translucent door.
 41791 | Vaults:4 | Noticed ragingrage's ghost (veteran HOFi)
 42592 | Depths:1 | Entered Level 1 of the Depths
 42834 | Depths:1 | Found a runed translucent door.
 43137 | Swamp:1  | Killed Frances
 44064 | Swamp:3  | Found a transporter.
 44077 | Swamp:3  | Noticed sipior's ghost (adept SpEn)
 44078 | Swamp:3  | Identified the ring "Jeikhor" {rN++ SInv}
 44091 | Swamp:3  | Found a transporter.
 44177 | Swamp:3  | Killed sipior's ghost
 44434 | Swamp:4  | Entered Level 4 of the Swamp
 44727 | Swamp:4  | Reached XP level 21. HP: 224/224 MP: 20/20
 44904 | Swamp:4  | Got a decaying rune of Zot
 45073 | Swamp:4  | Found a runed translucent gate.
 45073 | Swamp:4  | Found a runed translucent gate.
 45073 | Swamp:4  | Found a runed translucent gate.
 45084 | Swamp:4  | Identified the +11 scimitar of a Billion Scars {venom,
                  | *Noise rN+++}
 45085 | Swamp:4  | Noticed Suryr's ghost (adept GnWz)
 45103 | Swamp:4  | Killed Suryr's ghost
 45699 | Crypt:1  | Entered Level 1 of the Crypt
 46221 | Crypt:1  | Found a basalt altar of Yredelemnul.
 46544 | Crypt:2  | Noticed Boris
 46597 | Crypt:2  | Noticed Sojobo
 46628 | Crypt:2  | Noticed Jory
 46893 | Crypt:1  | Killed Jory
 47004 | Crypt:3  | Entered Level 3 of the Crypt
 47069 | Crypt:3  | Identified a scroll of acquirement
 47083 | Crypt:3  | Acquired 954 gold pieces
 47576 | Crypt:3  | Found a basalt altar of Yredelemnul.
 47954 | Crypt:3  | Identified the +11 fustibalus "Usuli" {freeze, rF++ Will+
                  | Int+2}
 48138 | Crypt:3  | Found a staircase to the Tomb.
 48291 | Crypt:3  | Reached XP level 22. HP: 231/237 MP: 21/21
 48542 | Crypt:3  | Identified the Reference Book on Creation
 48964 | Crypt:2  | Noticed Saint Roka
 49544 | Depths:1 | Noticed Qescho Poith's ghost (journeyman MiFi)
 49580 | Depths:1 | Killed Qescho Poith's ghost
 49786 | Depths:1 | Found a sparkling altar of Nemelex Xobeh.
 50287 | Depths:1 | Found a gateway to Hell.
 50706 | Depths:3 | Identified the cursed +2 long sword of the Shouting Jester
                  | {drain, rPois rN+ MP+9 Dex+4}
 50729 | Depths:3 | Paralysed by a vampire knight for 6 turns
 50969 | Depths:4 | Noticed Frederick
 51016 | Depths:4 | HP: 11/240 [ettin/+0 dire flail (5)]
 51235 | Depths:4 | Found a huge runed gate.
 51235 | Depths:4 | Found a huge runed gate.
 51235 | Depths:4 | Found a huge runed gate.
 51235 | Depths:4 | Found a huge runed gate.
 51235 | Depths:4 | Found a huge runed gate.
 51236 | Depths:4 | Found a huge runed gate.
 51240 | Depths:4 | Found a huge runed gate.
 51250 | Depths:4 | Found a huge runed gate.
 51250 | Depths:4 | Found Siwkor's Jewellery Emporium.
 51250 | Depths:4 | Found a huge runed gate.
 51250 | Depths:4 | Found a huge runed gate.
 51254 | Depths:4 | Found a huge runed gate.
 51254 | Depths:4 | Found a huge runed gate.
 51254 | Depths:4 | Found a huge runed gate.
 51255 | Depths:4 | Found a huge runed gate.
 51255 | Depths:4 | Found a huge runed gate.
 51255 | Depths:4 | Found a huge runed gate.
 51278 | Depths:4 | Found a one-way gate leading to the halls of Pandemonium.
 51390 | Depths:5 | Entered Level 5 of the Depths
 51436 | Depths:5 | Noticed a juggernaut
 51445 | Depths:5 | Killed a juggernaut
 51662 | Depths:5 | Noticed a juggernaut
 51839 | Depths:5 | Killed a juggernaut
 52248 | Depths:4 | Killed Frederick
 52249 | Depths:4 | Reached XP level 23. HP: 182/249 MP: 22/22
 52366 | Depths:4 | Found a huge runed gate.
 52370 | Depths:4 | Noticed Mennas
 52383 | Depths:4 | Found a one-way gate to the infinite horrors of the Abyss.
 52437 | Depths:4 | Found a gateway to a ziggurat.
 52480 | Depths:4 | HP: 10/249 [Mennas/+3 eudemon blade of holy wrath (15)]
 52481 | Depths:4 | Slain by Mennas

Illustrated notes

Levels and vault maps discovered:
D:1:      grunt_arrival_lava_bath, layout_basic
D:2:      layout_loops_ring, minmay_pentomino_z2
D:3:      layout_loops_ring, kennysheep_vampire_church,
          nzn_hepliaklqana_mist_gate,
          nicolae_gozag_cash_rules_everything_around_me,
          cheibrodos_ashenzari_chains, uniq_ijyb, uniq_robin, uniq_grinder
D:4:      layout_rooms, lemuel_zombie_altar_yredelemnul,
          nicolae_overflow_quartered_altars, gammafunk_temple_overflow_wave
D:5:      layout_basic
D:6:      minmay_opposing_rooms, layout_basic, uniq_edmund, uniq_menkaure,
          uniq_duvessa
D:7:      layout_gridville, lemuel_crystal_altar,
          minmay_temple_entry_statues_fountains, serial_co_window_serial,
          co_window_corner_a, co_window_paths_a, co_window_paths_a,
          co_window_paths_a, co_window_corner_a, co_window_of_opportunity_a,
          co_window_of_opportunity_c, co_window_corner_b, co_window_corner_ca,
          co_window_broadway_c, co_window_unsneaky_path_e,
          co_window_unsneaky_path_a, co_window_paths_e, glass_columns_c,
          glass_columns_c, glass_columns_a, glass_columns_b, glass_columns_b,
          uniq_maggie
D:8:      layout_loops_cross, fedhas_bush_and_centaur_altar,
          nicolae_ossuary_entry_giza, uniq_harold
D:9:      layout_irregular_city, lemuel_doored_altar,
          grunt_lair_entry_orc_guard_hut, hangedman_abyss_or_decor_lesser_grid
D:10:     layout_big_octagon, enter_bailey_2, serial_shops, shop,
          nicolae_trove_entry_crystal
D:11:     layout_loops_cross, orc_david_3, serial_shops, shop, shop, shop,
          shop_fountains, kennysheep_generic_room_7
D:12:     layout_rooms, gauntlet_entry_generic, uniq_psyche
D:13:     layout_irregular_city, david_vaults_1
D:14:     layout_stronghold, minmay_misc_feat_rows
D:15:     hangedman_depths_entry_try_elsewhere_first, layout_rooms,
          minmay_misc_feat_tower, portal_ice_cave_demonic_guard, st_stairs_12
Lair:1:   layout_loops_ring, chequers_serial_rivers_micro_c, lemuel_fruit_tree,
          infiniplex_staircase_pool
Lair:2:   layout_small_grid, minmay_swamp_entry_reptiles
Lair:3:   mu_elephants_graveyard, layout_cave_pods, minmay_lair_oklob_chamber
Lair:4:   layout_small_grid, dummy_spider_entry, roderic_batcave,
          grunt_megastairs_5
Lair:5:   layout_cave_pods, basic_altar, chequers_serial_rivers_marsh,
          eino_house_with_fridge
Lair:6:   grunt_lair_end_beastmaster, layout_gridlike,
          dpeg_slime_entry_enclosed_altar, uniq_kirke
Swamp:1:  layout_falls_marsh, wheals_swamp_sinkhole, swamp_pool1, uniq_donald,
          uniq_nikola
Swamp:2:  layout_falls_marsh, evilmike_swamp_ruin_house_4, uniq_frances
Swamp:3:  layout_basic_swamp, gammafunk_ghost_berserking_beasts,
          serial_swamp_ruin, evilmike_swamp_ruin_house_5,
          evilmike_swamp_ruin_house_6, evilmike_swamp_ruin_house_3
Swamp:4:  swamp_icy, layout_basic_swamp, gammafunk_ghost_hydra_chop,
          swamp_pool1, nicolae_swamp_treefoil
Spider:1: layout_spider_delve, guppyfry_spider_mini_1,
          hangedman_spider_tarantella_strand
Spider:2: layout_chambers, worms_lemuel, uniq_arachne
Spider:3: nicolae_spider_mines_1
Spider:4: floodkiller_spider_rune_tomb, gammafunk_ghost_arena
Orc:1:    layout_caves, gammafunk_ghost_arena, serial_shops, shop
Orc:2:    grunt_orc_tribal_feast, layout_caves, rock_pile
Elf:1:    layout_gridlike, special_room [special_room_orc], orc_legates
Elf:2:    layout_geoelf_octagon
Elf:3:    elf_hall, layout_geoelf_grid, serial_shops, bzr_entry_road
Vaults:1: vaults_room_stairs_pillars, vaults_room_hangedman_quadrants, v_misc_3,
          hangedman_vaults_locks, ontoclasm_vaults_spin, grunt_vaults_funnel,
          ontoclasm_vaults_eye, ontoclasm_vaults_shuriken, vaults_mumra_hexcomb,
          layout_vaults_ring, serial_shops, shop
Vaults:2: minmay_crypt_entry_simple_plaza, v_pattern_2,
          dpeg_vaults_pockets_of_resistance, v_rooms_5, v_misc_10, v_rooms_6,
          v_alt_pattern_5, ontoclasm_vaults_decontamination,
          vaults_standard_mumra_x, layout_vaults_chaotic_city
Vaults:3: gammafunk_vaults_ghost_fury_of_okawaru, ontoclasm_vaults_twist,
          v_misc_22, v_misc_27, ontoclasm_vaults_chip, hangedman_vaults_slither,
          nicolae_vaults_asterisk, vaults_dpeg_doors,
          nicolae_vaults_little_squares_5, v_misc_18, v_misc_1,
          hangedman_vaults_stream, ontoclasm_vaults_pinch,
          nicolae_vaults_shelves_hall, nicolae_vaults_rhombus_5,
          nicolae_vaults_little_squares_5, layout_vaults_omnicross
Vaults:4: gammafunk_vaults_ghost_grave, nicolae_vaults_network_quinsquares
          [nicolae_vaults_network_quincunx_subvault,
          nicolae_vaults_network_quincunx_subvault,
          nicolae_vaults_network_quincunx_subvault,
          nicolae_vaults_network_quincunx_subvault],
          nicolae_vaults_ninety_degrees, v_misc_23,
          nicolae_vaults_mini_display_case, vaults_room_glass_cross,
          vaults_room_fours, layout_vaults_quadrants, serial_shops,
          bzr_entry_water
Crypt:1:  layout_misc_corridors, basic_altar
Crypt:2:  layout_gridlike, uniq_margery, uniq_jory, uniq_sojobo,
          uniq_saint_roka, uniq_boris
Crypt:3:  grunt_crypt_end_deaths_head
Depths:1: layout_cave_shapes, lightli_too_deep, ebering_ghost_inner_flame,
          hangedman_decor_growths, minmay_misc_feat_alley,
          minmay_misc_feat_cross, minmay_misc_feat_room,
          minmay_gold_behind_fungi, nemelex_diamond_rough_becter,
          infiniplex_staircase_pool_lava
Depths:2: minmay_quarter_circles, layout_small_grid, hangedman_decor_lopped,
          hangedman_abyss_entry_splay, grunt_hell_entry_dis_old,
          infiniplex_staircase_door_maze
Depths:3: minmay_dotted_concentric_squares, layout_cave_pools,
          rand_demon_pan_entry_4, hangedman_coc_ice_floe, kennysheep_path_1,
          special_room [special_room_morgue], kennysheep_minor_cross,
          corexii_leaking_fountain, grunt_ministairs_4
Depths:4: kennysheep_green_arena, layout_cave_pools, enter_ziggurat_a,
          serial_shops, shop, pan_entry, gammafunk_ghost_door_vault,
          abyss_entry_small_statue_room, serial_glass, glass_columns_a,
          glass_columns_c, pf_vacation_house_of_asmodeus, drop_trap,
          uniq_frederick, uniq_mennas
Depths:5: grunt_x_marks_the_spot, layout_cave_pools, hell_entry,
          marbit_kobold_abyss_entry, serial_sigils_hangedman_confine

Skill      XL: |  1  2  3  4  5  6  7  8  9 10 11 12 13 14 15 16 17 18 19 20 21 22 |
---------------+-------------------------------------------------------------------+-----
Dodging        | 1 2 3 4 5 6 7 8 9 10 11 13 | 13.6
Fighting       | 2 3 4 5 6 7 9 10 12 13 15 16 17 18 | 18.9
Armour         | 1 2 3 4 5 6 7 8 9 10 11 12 13 14 | 14.2
Throwing       | 2 3 4 5 6 7 8 9 10 11 13 16 18 | 18.5
Maces & Flails | 1 2 3 4 5 10 11 12 13 14 15 16 17 | 17.1
Fire Magic     | 1 6 9 |  9.6
Air Magic      | 1 6 8 9 |  9.9
Short Blades   | |  1.5
Long Blades    | |  0.1
Stealth        | |  2.1

Action                   |  1- 3 |  4- 6 |  7- 9 | 10-12 | 13-15 | 16-18 | 19-21 | 22-24 || total
-------------------------+-------+-------+-------+-------+-------+-------+-------+-------++-------
Melee: Unarmed           |    29 |       |       |       |       |       |       |       ||    29
       Mace              |   107 |   172 |   369 |       |       |       |       |       ||   648
       Morningstar       |       |       |   158 |   622 |  1878 |   722 |       |       ||  3380
       Giant spiked club |       |       |       |       |       |  1038 |  1821 |   564 ||  3423
Throw: Dart              |     2 |     1 |     2 |       |     2 |     4 |     1 |       ||    12
       Large rock        |       |     8 |    21 |    12 |    18 |    12 |     9 |     6 ||    86
       Throwing net      |       |       |     1 |     4 |     2 |     3 |     1 |     1 ||    12
       Javelin           |       |       |       |       |       |       |       |     1 ||     1
Invok: Curse Item        |       |     1 |     2 |     1 |     2 |     2 |       |       ||     8
Evoke: Wand              |       |       |    10 |    22 |     8 |    29 |     3 |     6 ||    78
       Condenser vane    |       |       |       |       |       |       |       |     1 ||     1
  Use: Scroll            |     3 |     3 |    13 |    18 |     9 |    16 |    14 |     5 ||    81
       Potion            |     1 |       |     1 |    13 |     9 |    24 |    21 |     8 ||    77
 Stab: Sleeping          |     7 |     5 |     3 |     5 |    18 |    14 |    20 |     1 ||    73
       Paralysed         |       |       |    17 |       |       |     2 |       |       ||    19
       Distracted        |       |       |     1 |       |     7 |     6 |     3 |     1 ||    18
       Held in net/web   |       |       |       |     2 |       |       |       |       ||     2
       Invisible         |       |       |       |       |     6 |     7 |    21 |       ||    34
Armor: Robe              |    87 |   153 |   215 |       |       |       |       |       ||   455
       Skin              |     7 |       |     6 |       |       |       |       |       ||    13
       Steam dragon scal |       |       |    81 |   197 |   414 |   531 |   442 |   170 ||  1835
Dodge: Dodged            |    81 |   134 |   308 |   639 |  1777 |  2215 |  1879 |   531 ||  7564
